 Dungeon Crawl Stone Soup version 0.29.0-11-gd7f09526c8 (webtiles) character file.

Game seed: 9473762178149004113

9 NinjaNoafa the Vexing (level 2, 0/16 HPs)
             Began as a Deep Elf Arcane Marksman on Sept 2, 2022.
             Slain by an endoplasm (2 damage)
             ... on level 2 of the Dungeon.
             The game lasted 00:02:38 (1028 turns).

NinjaNoafa the Vexing (Deep Elf Arcane Marksman)    Turns: 1028, Time: 00:02:39

Health: 0/16       AC:  2    Str:  7    XL:     2   Next: 6%
Magic:  16/16      EV: 12    Int: 17    God:
Gold:   39         SH:  0    Dex: 15    Spells: 4/5 levels left

rFire   . . .      SeeInvis .   (no weapon)
rCold   . . .      Faith    .   (no shield)
rNeg    . . .      Spirit   .   c - +0 robe
rPois   .          Reflect  .   (no helmet)
rElec   .          Harm     .   (no cloak)
rCorr   .          Rampage  .   (no gloves)
Will    .....                   (no boots)
Stlth   +.........              (no amulet)
HPRegen 0.05/turn               d - ring of magical power
MPRegen 0.15/turn               (no ring)

@: mighty, brilliant
A: fangs 1, deterioration 1
a: no special abilities


You were on level 2 of the Dungeon.
You visited 1 branch of the dungeon, and saw 2 of its levels.

You collected 39 gold pieces.

Inventory:

Hand Weapons
 a - a +1 sling
Missiles
 g - 23 stones
Armour
 c - a +0 robe (worn)
 l - a +2 tower shield
Jewellery
 d - a ring of magical power (left hand)
Scrolls
 b - a scroll of poison
 f - a scroll of teleportation {unknown}
 j - 4 scrolls of noise {unknown}
 k - a scroll of identify {unknown}
Potions
 e - a potion of mutation


   Skills:
 - Level 0.7 Fighting
 + Level 3.0 Ranged Weapons
 - Level 2.4 Dodging
 * Level 2.4 Spellcasting
 + Level 4.2 Hexes


You had 4 spell levels left.
You knew the following spells:

 Your Spells              Type           Power      Damage    Failure   Level
a - Slow                  Hex            96%        N/A       3%          1

Your spell library contained the following spells:

 Spells                   Type           Power      Damage    Failure   Level
 Tukima's Dance           Hex            24%        N/A       10%         3
 Inner Flame              Hex/Fire       13%        N/A       24%         3
 Portal Projectile        Hex/Tloc       26%        N/A       24%         3
 Cause Fear               Hex            12%        N/A       32%         4
 Blade Hands              Tmut           1%         N/A       99%         5


Dungeon Overview and Level Annotations

Branches:
Dungeon (2/15)

Altars:

Shops:
D:1 [


Innate Abilities, Weirdness & Mutations

You have very sharp teeth.
Your body sometimes deteriorates upon taking damage.


Message History

The endoplasm quivers.
You shoot a sling bullet.
The sling bullet barely misses the adder.
The sling bullet hits the endoplasm.
The endoplasm is almost dead.
The adder bites you.
Casting: Slow (safe; 3% risk of failure)
Confirm with . or Enter, or press ? or * to list all spells.
Aiming: Slow (safe; 3% risk of failure)
Press: ? - help, Shift-Dir - straight line, f/p - adder
Aim: an adder (severely wounded, chance to affect: 64%)
The adder seems to slow down.
The adder bites you.
You are poisoned.
The adder poisons you!
You feel sick.
You feel sick.
Found a silvery potion.
You feel sick.
You feel sick.
You are no longer poisoned.
It was a potion of mutation.
You feel extremely strange.
You feel yourself wasting away.
Your teeth lengthen and sharpen.
The adder barely misses you.
It was a potion of might.
You feel very mighty all of a sudden. The adder bites you but does no damage.
The endoplasm hits you but does no damage.
Okay, then.
It was a potion of brilliance.
You feel clever all of a sudden. The endoplasm misses you.
The adder barely misses you.
You are now empty-handed.
You completely miss the adder.
The adder is severely wounded.
The endoplasm hits you.
* * * LOW HITPOINT WARNING * * *
The adder barely misses you.
You miss the adder.
The adder is severely wounded.
The endoplasm hits you.
You die...

#..# #..# #... ####
########.. ..#
..!...#..#####.#####
#.................. .
#..............####
#### #...JS..........#
...##
####@######.###.##
##... ###.#......#....#
#.... .............J.#
#...#####.#.#.#..#.#..#
#.........$...#..#.#..#
#....####.#......#.#..#
#...<...#.#........#..#
#.......#.#.#..#####..#
#.......#.#.#.... ..$.


You could see an adder (slow) and an endoplasm.

Vanquished Creatures
  A dart slug (D:1)
  A ball python (D:1)
  2 goblins (D:1)
  A quokka (D:1)
  A frilled lizard (D:1)
  A rat (D:1)
7 creatures vanquished.

Notes
Turn   | Place    | Note
-------+----------+-------------------------------------------
     0 | D:1      | NinjaNoafa the Deep Elf Arcane Marksman began the quest for
                  | the Orb.
     0 | D:1      | Reached XP level 1. HP: 11/11 MP: 5/5
   278 | D:1      | Reached XP level 2. HP: 16/16 MP: 7/7
   586 | D:1      | Found Leamaosy's Antique Armour Emporium.
  1022 | D:2      | Gained mutation: Your body sometimes deteriorates upon
                  | taking damage. [potion of mutation]
  1022 | D:2      | Gained mutation: You have very sharp teeth. [potion of
                  | mutation]
  1028 | D:2      | Slain by an endoplasm

Illustrated notes

Levels and vault maps discovered:
D:1:      erik_arrival_cave_to_civilisation [erik_arrival_cave_to_hall],
          layout_basic, serial_shops, nicolae_shop_overgrown_old_shop,
          minmay_domino_2
D:2:      minmay_inner_zag, layout_basic, chequers_ecumenical_altar_simple,
          serial_aquarium, aquarium_bridge_straight [aquarium_subvault_bridge,
          aquarium_subvault_wall, aquarium_subvault_bridge,
          aquarium_subvault_balcony], aquarium_bridge_square
          [aquarium_subvault_bridge, aquarium_subvault_window,
          aquarium_subvault_bridge, aquarium_subvault_bridge],
          aquarium_window_corner, aquarium_window_1, aquarium_window_fake,
          aquarium_view_2f, aquarium_view_2e

Skill      XL: |  1 |
---------------+----+-----
Spellcasting   | 2 |  2.4
Ranged Weapons | 3 |  3.0
Fighting       | |  0.7
Dodging        | |  2.4
Hexes          | |  4.2

Action                   || total
-------------------------++-------
Melee: Unarmed           ||     2
 Fire: Sling             ||    24
 Cast: Slow              ||     3
  Use: Potion            ||     3
Armor: Robe              ||     2
Dodge: Dodged            ||     6
